 Dungeon Crawl Stone Soup version 0.24.0-29-g8ce449bc06 (webtiles) character file.

Game seed: 6905037665296377178, levelgen mode: deterministic

5712 Curus the Spear-Bearer (level 10, 0/135 HPs)
             Began as a Minotaur Berserker on Nov 16, 2019.
             Was a High Priest of Trog.
             Succumbed to Sonja's poison
             ... on level 10 of the Dungeon.
             The game lasted 00:29:54 (7963 turns).

Curus the Spear-Bearer (Minotaur Berserker)         Turns: 7963, Time: 00:29:54

Health: 0/135      AC: 14    Str: 26    XL:     10   Next: 48%
Magic:  9/9        EV:  9    Int:  7    God:    Trog [*****.]
Gold:   363        SH:  0    Dex: 14    Spells: 9/9 levels left

rFire    . . .     SeeInvis .   m - +1 trident
rCold    . . .     Gourm    .   (no shield)
rNeg     . . .     Faith    .   e - +1 chain mail
rPois    .         Spirit   .   (helmet restricted)
rElec    .         Reflect  .   C - +0 cloak
rCorr    .         Harm     .   n - +0 pair of gloves
MR       ++...                  (no boots)
Stlth    ..........             (no amulet)
HPRegen  1.32/turn              A - +3 ring of dexterity
MPRegen  0.11/turn              (no ring)

@: berserking, lethally poisoned (0 -> -65), regenerating, slowed
A: retaliatory headbutt, horns 2
a: Berserk, Trog's Hand, Brothers in Arms, Renounce Religion


You were on level 10 of the Dungeon.
You worshipped Trog.
Trog was extremely pleased with you.
You were not hungry.

You visited 1 branch of the dungeon, and saw 10 of its levels.

You collected 506 gold pieces.
You spent 143 gold pieces at shops.

Inventory:

Hand Weapons
 a - a +0 spear
 j - the cursed +1 halberd "Tattletale" {chop, -Tele rPois rC+ Dex+2}
   (You found it on level 4 of the Dungeon)

   It inflicts extra damage upon your enemies.
   It affects your dexterity (+2).
   It protects you from cold.
   It protects you from poison.
   It prevents most forms of teleportation.
   It has a curse placed upon it.
 m - a +1 trident (weapon)
Armour
 b - a +0 animal skin
 e - a +1 chain mail (worn)
 f - a +0 leather armour
 n - a +0 pair of gloves (worn)
 C - a +0 cloak (worn)
Jewellery
 z - an uncursed ring of attention
 A - a +3 ring of dexterity (left hand)
 D - an uncursed ring of wizardry
Wands
 r - a wand of disintegration (35)
 v - a wand of paralysis (12)
 x - a wand of flame (27)
 y - a wand of iceblast (6)
 B - a wand of acid (3)
Scrolls
 d - 4 scrolls of identify
 k - 4 scrolls of teleportation
 s - 7 scrolls of remove curse
 w - 2 scrolls of fear
Potions
 g - a potion of magic
 h - a potion of curing
 i - 2 potions of invisibility
 l - 2 potions of haste
 o - a potion of heal wounds
 p - 4 potions of agility
 q - a potion of might
 t - a potion of flight
 u - a potion of cancellation
Comestibles
 c - 22 rations


   Skills:
 + Level 8.6 Fighting
 - Level 14.9 Polearms
 + Level 8.1 Armour
 - Level 2.1 Dodging


You had 9 spell levels left.
You didn't know any spells.
Your spell library was empty.

Dungeon Overview and Level Annotations

Branches:
Dungeon (10/15)            Temple (0/1) D:7
   Lair: D:8-11         Orc: D:9-12

Altars:
Ashenzari
Cheibriados
Gozag
Hepliaklqana
Kikubaaqudgha
Makhleb
Nemelex Xobeh
Okawaru
Qazlal
Ru
Sif Muna
Uskayaw
Wu Jian
Xom
Yredelemnul

Shops:
D:4 (   D:5 !   D:6 [   D:9 (

Annotations:
D:10 Grum, Sonja


Innate Abilities, Weirdness & Mutations

You reflexively headbutt those who attack you in melee.
You have a pair of horns on your head.


Message History

You closely miss Sonja. Your headbutt misses Sonja.
* * * LOW HITPOINT WARNING * * *
You feel very sick.
Sonja mumbles some strange words.
Sonja blinks!
Unknown command.
You hit the two-headed ogre.
The two-headed ogre is lightly wounded.
* * * LOW HITPOINT WARNING * * *
You feel very sick.
The two-headed ogre hits you with a +0 giant club.
* * * LOW HITPOINT WARNING * * *
The two-headed ogre closely misses you.
You puncture the two-headed ogre! You headbutt the two-headed ogre!
The two-headed ogre is heavily wounded.
* * * LOW HITPOINT WARNING * * *
You feel very sick.
You hit the two-headed ogre.
The two-headed ogre is heavily wounded.
You die...

#......# #............
#......# #...........
#......####...........
#..................#
#..............K(..#
#..............(...#
#######............#
#.†.......§.!#
#.........@..#
#..######.O### #..#
#..# ####..# #..#
#.....# #...
####..######...
#...........
#..########.. #..#
.....#


You could see a two-headed ogre and Sonja.

Vanquished Creatures
  A two-headed ogre (D:8)
  Erica (D:8)
  An unseen horror (D:10)
  A troll (D:10)
  A wyvern (D:9)
  A hungry ghost (D:9)
  2 water moccasins (D:9)
  An orc warrior (D:9)
  2 sky beasts
  A phantom (D:8)
  2 ice beasts
  A black bear (D:7)
  A necrophage (D:7)
  3 wolves (D:9)
  2 ogres
  A centaur (D:6)
  2 big kobolds (D:8)
  5 bullfrogs
  5 scorpions
  3 wights (D:9)
  4 killer bees (D:9)
  A howler monkey (D:5)
  4 crimson imps
  A bullfrog zombie (D:5)
  3 hounds
  A jelly (D:6)
  2 centaur zombies
  3 orc priests
  2 orc wizards
  A centaur skeleton (D:10)
  Terence (D:3)
  An iguana (D:4)
  4 worker ants
  2 hound skeletons
  2 hound zombies (D:6)
  A howler monkey zombie (D:7)
  8 adders
  A shadow imp (D:10)
  An adder zombie (D:8)
  3 adder skeletons
  6 worms
  2 dart slugs (D:1)
  2 leopard geckos (D:1)
  27 orcs
  2 ball pythons
  4 giant cockroaches
  9 goblins
  10 hobgoblins
  9 jackals
  3 quokkas
  4 bats
  6 frilled lizards
  A giant cockroach zombie (D:5)
  A jackal skeleton (D:5)
  10 kobolds
  A quokka skeleton (D:6)
  6 rats
186 creatures vanquished.

Notes
Turn   | Place    | Note
-------+----------+-------------------------------------------
     0 | D:1      | Curus the Minotaur Berserker began the quest for the Orb.
     0 | D:1      | Reached XP level 1. HP: 19/19 MP: 0/0
   123 | D:1      | Reached skill level 4 in Polearms
   207 | D:1      | Reached XP level 2. HP: 26/26 MP: 1/1
   434 | D:1      | Reached skill level 5 in Polearms
   441 | D:1      | Reached ** piety under Trog
   443 | D:1      | Reached XP level 3. HP: 31/31 MP: 2/2
   951 | D:2      | Reached skill level 6 in Polearms
   951 | D:2      | Reached XP level 4. HP: 26/39 MP: 3/3
  1057 | D:2      | Found an opulent altar of Gozag.
  1267 | D:2      | Found a stormy altar of Qazlal.
  1527 | D:3      | Found a shattered altar of Ashenzari.
  1607 | D:3      | Reached skill level 7 in Polearms
  1607 | D:3      | Reached XP level 5. HP: 42/45 MP: 4/4
  1629 | D:3      | Noticed Terence
  1642 | D:3      | Killed Terence
  1815 | D:3      | Found an ancient bone altar of Kikubaaqudgha.
  1816 | D:3      | Found a hide-covered altar of Uskayaw.
  1816 | D:3      | Found a burning altar of Makhleb.
  1941 | D:4      | Reached *** piety under Trog
  2147 | D:4      | Reached skill level 8 in Polearms
  2211 | D:4      | Found Kavojoet's Weapon Shop.
  2247 | D:4      | Reached XP level 6. HP: 34/51 MP: 5/5
  2252 | D:4      | Found an iron altar of Okawaru.
  2269 | D:4      | Got an encrusted halberd
  2636 | D:4      | Reached skill level 9 in Polearms
  2727 | D:4      | Found a snail-covered altar of Cheibriados.
  2824 | D:4      | Identified the cursed +1 halberd "Tattletale" {chop, -Tele
                  | rPois rC+ Dex+2} (You found it on level 4 of the Dungeon)
  2826 | D:5      | Entered Level 5 of the Dungeon
  2918 | D:5      | Reached XP level 7. HP: 50/57 MP: 6/6
  2970 | D:5      | Found Rublod's Distillery.
  3004 | D:5      | Reached skill level 10 in Polearms
  3130 | D:5      | Bought a potion of heal wounds for 55 gold pieces
  3130 | D:5      | Bought a potion of agility for 44 gold pieces
  3130 | D:5      | Bought a potion of might for 44 gold pieces
  3322 | D:5      | Reached **** piety under Trog
  3369 | D:5      | Found a sparkling altar of Nemelex Xobeh.
  3539 | D:5      | Found a shimmering blue altar of Sif Muna.
  3672 | D:5      | Found a shimmering altar of Xom.
  3674 | D:5      | Found a basalt altar of Yredelemnul.
  3674 | D:5      | Found a hazy altar of Hepliaklqana.
  3677 | D:5      | Found a shimmering altar of Xom.
  3677 | D:5      | Found a bloodstained altar of Trog.
  3677 | D:5      | Found a hide-covered altar of Uskayaw.
  4060 | D:6      | Reached skill level 11 in Polearms
  4098 | D:6      | Reached XP level 8. HP: 51/64 MP: 7/7
  4150 | D:6      | Found Xiqeer's Antique Armour Shop.
  4203 | D:6      | Reached skill level 12 in Polearms
  4699 | D:7      | Found an ornate altar of the Wu Jian Council.
  4811 | D:7      | Found a staircase to the Ecumenical Temple.
  4922 | D:7      | Reached skill level 13 in Polearms
  5461 | D:8      | Reached XP level 9. HP: 60/70 MP: 8/8
  5520 | D:8      | Noticed a two-headed ogre
  5528 | D:8      | Killed a two-headed ogre
  5528 | D:8      | Reached skill level 14 in Polearms
  5716 | D:8      | Noticed Erica
  5734 | D:8      | Killed Erica
  5734 | D:8      | Reached skill level 5 in Fighting
  5734 | D:8      | Reached skill level 5 in Armour
  6234 | D:8      | Found a sacrificial altar of Ru.
  6295 | D:8      | Reached ***** piety under Trog
  6491 | D:9      | Reached XP level 10. HP: 71/84 MP: 9/9
  6514 | D:9      | Found Yfimm's Antique Weapon Boutique.
  7156 | D:10     | Entered Level 10 of the Dungeon
  7235 | D:10     | Killed an unseen horror
  7476 | D:10     | Noticed Grum
  7948 | D:10     | Noticed Sonja
  7951 | D:10     | Noticed a two-headed ogre
  7962 | D:10     | HP: 5/135 [poisoned by Sonja]
  7963 | D:10     | Succumbed to Sonja's poison

Levels and vault maps discovered:
D:1:      dpeg_arrival_water_fire, layout_basic
D:2:      layout_rooms, grunt_gozag_breadcrumbs, grunt_qazlal_clouds
D:3:      layout_rooms, evilmike_ruin_ashenzari,
          chequers_temple_overflow_statue_of_worship, uniq_terence
D:4:      layout_loops_corners, lemuel_coloured_pillars_altar,
          okawaru_metal_pillars_1_2, serial_shops, shop
D:5:      layout_loops_ring, tgw_sif, marbit_many_paths, doesnt_xom_only_xom,
          serial_shops, shop, first_ration
D:6:      layout_basic, serial_shops,
          nicolae_shop_temple_entry_statues_fountains, grunt_decor_fettered
D:7:      layout_loops_ring, lemuel_doored_altar, temple_statues,
          serial_park_tiny_pond
D:8:      layout_loops_ring, nicolae_ru_path_of_blood, blue_anna_alchemist
          [blue_anna_fruit_fields, blue_anna_fruit_fields], serial_bayou_pond_c,
          uniq_erica
D:9:      layout_small_grid, serial_shops, shop
D:10:     minmay_cut_squares, layout_irregular_city, orc_0_dummy, uniq_grum,
          uniq_sonja

Skill      XL: |  1  2  3  4  5  6  7  8  9 10 |
---------------+-------------------------------+-----
Polearms       | 4 5 6 7 8 9 11 13 14 | 14.9
Fighting       | 6 8 |  8.6
Armour         | 5 8 |  8.1
Dodging        | |  2.1

Action                   |  1- 3 |  4- 6 |  7- 9 | 10-12 || total
-------------------------+-------+-------+-------+-------++-------
Melee: Spear             |   106 |   215 |       |       ||   321
       Headbutt          |    10 |    35 |    57 |    20 ||   122
       Trident           |       |    19 |   319 |   115 ||   453
Invok: Berserk           |     1 |     1 |     3 |     3 ||     8
       Trog's Hand       |     1 |       |       |     1 ||     2
  Use: Scroll            |     2 |     8 |     5 |       ||    15
       Potion            |     2 |     5 |     6 |       ||    13
 Stab: Sleeping          |       |     1 |       |       ||     1
  Eat: Chunk             |     1 |     6 |     9 |     3 ||    19
       Ration            |       |     1 |     1 |     2 ||     4
Armor: Animal skin       |     5 |       |       |       ||     5
       Leather armour    |    14 |       |       |       ||    14
       Chain mail        |       |    57 |    93 |   100 ||   250
Dodge: Dodged            |    39 |    50 |    74 |    30 ||   193
